 Dungeon Crawl Stone Soup version 0.17.0-28-g6e173f8 (webtiles) character file.

72 dorian the Firebug (level 4, -4/27 HPs)
             Began as an Octopode Fire Elementalist on Nov 27, 2015.
             Slain by Crazy Yiuf
             ... wielding a +3 quarterstaff of chaos
              (14 damage)
             ... on level 2 of the Dungeon.
             The game lasted 00:02:13 (1222 turns).

dorian the Firebug (Octopode Fire Elementalist)     Turns: 1222, Time: 00:02:13

Health: -4/27      AC:  1    Str:  7    XL:     4   Next: 26%
Magic:  3/7        EV: 12    Int: 18    God:
Gold:   55         SH:  0    Dex: 12    Spells: 1 memorised, 6 levels left

rFire  . . .     SeeInvis .     e - +4 dagger
rCold  . . .     Clarity  .     (no shield)
rNeg   . . .     SustAt   .     (helmet restricted)
rPois  .         Gourm    .     (no amulet)
rElec  .         Spirit   .     (no ring)
rCorr  .         Warding  .     (no ring)
rMut   .         Stasis   .     (no ring)
MR     .....                    (no ring)
Stlth  +++.......               (no ring)
                                (no ring)
                                (no ring)
                                (no ring)

@: not resistant to hostile enchantments, fairly stealthy
A: almost no armour, amphibious, 8 rings, constrict 8, camouflage 1, gelatinous
body 1
a: no special abilities


You were on level 2 of the Dungeon.
You were not hungry.

You visited 1 branch of the dungeon, and saw 2 of its levels.

You collected 55 gold pieces.

Inventory:

Hand Weapons
 e - a +4 dagger (weapon)
Jewellery
 o - an uncursed ring of ice
Scrolls
 c - a scroll of identify {unknown}
 d - a scroll of enchant armour {unknown}
 h - a scroll of blinking {unknown}
 k - 3 scrolls of recharging {unknown}
 l - a scroll of fog {unknown}
 m - 2 scrolls of remove curse {unknown}
 r - 2 scrolls of immolation {unknown}
Potions
 g - a potion of brilliance {unknown}
 j - 2 potions of curing {unknown}
 q - a potion of lignification {unknown}
Books
 a - a book of Flames

   Spells                             Type                      Level
   a - Flame Tongue                   Conjuration/Fire             1
   b - Throw Flame                    Conjuration/Fire             2
   c - Conjure Flame                  Conjuration/Fire             3
   d - Inner Flame                    Hexes/Fire                   3
   e - Sticky Flame                   Conjuration/Fire             4
   f - Fireball                       Conjuration/Fire             5
Comestibles
 b - 2 bread rations
 f - 9 fruits
 i - 2 beef jerkies
 n - a chunk of flesh
 p - a meat ration


   Skills:
 - Level 2.0 Dodging
 - Level 2.6 Stealth
 - Level 2.0 Spellcasting
 + Level 2.9 Conjurations
 + Level 4.0 Fire Magic


You had 6 spell levels left.
You knew the following spells:

 Your Spells              Type           Power        Failure   Level  Hunger
a - Flame Tongue          Conj/Fire      ##...        6%          1    #......


Dungeon Overview and Level Annotations

Branches:
Dungeon (2/15)

Altars:

Annotations:
D:2 Crazy Yiuf


Innate Abilities, Weirdness & Mutations

You cannot wear most types of armour.
You are amphibious.
You can wear up to eight rings at the same time.
You can use your tentacles to constrict eight enemies at once.
Your skin changes colour to match your surroundings (Stealth).
Your rubbery body absorbs attacks (AC +1).


Message History

Crazy Yiuf barely misses you.
Casting: Flame Tongue
Confirm with . or Enter, or press ? or * to list all spells.
Aiming: Flame Tongue
Press: ? - help, Shift-Dir - straight line, f/p - Crazy Yiuf
Aim: Crazy Yiuf, wielding a quarterstaff of chaos and wearing a runed cloak (moderately wounded)
The flame tongue hits Crazy Yiuf.
Crazy Yiuf is severely wounded.
Crazy Yiuf hits you with a quarterstaff of chaos!
Crazy Yiuf burns you.
Casting: Flame Tongue
Confirm with . or Enter, or press ? or * to list all spells.
Aiming: Flame Tongue
Press: ? - help, Shift-Dir - straight line, f/p - Crazy Yiuf
Aim: Crazy Yiuf, wielding a quarterstaff of chaos and wearing a runed cloak (severely wounded)
The flame tongue hits Crazy Yiuf.
Crazy Yiuf is almost dead.
Crazy Yiuf hits you with a quarterstaff of chaos!
Ouch! That really hurt!
You die...

#.......###..##.#.##..#######.##
##.......# ##.##.#.##..# #.#
.......#.# #.##.#.##..# #####.#
######.#.# ############ #.....##
#.#.# #...(... ###..#.###
♣♣♣♣♣###÷...### .....#.# ###
♣♣♣.♣..#.#....... ###.##.#
#...#♣..♣...........## ...
#...g@♣♣♣♣............ ####
#...#♣♣ ♣♣.#..##.#..# ..... ###
♣♣##..#.#..# ##### ##.#.#...
.... ##.#.##.# #### #.......#
#######.# #.# ### ##.#### #


You could see Crazy Yiuf.

Vanquished Creatures
  Jessica (D:2)
  2 adders (D:2)
  2 worms (D:2)
  2 bats (D:1)
  A giant cockroach (D:1)
  2 goblins (D:1)
  4 hobgoblins (D:1)
  4 jackals (D:1)
  A giant newt (D:2)
  3 kobolds
  2 rats (D:1)
24 creatures vanquished.

Notes
Turn   | Place    | Note
--------------------------------------------------------------
     0 | D:1      | dorian the Octopode Fire Elementalist began the quest for the Orb.
     0 | D:1      | Reached XP level 1. HP: 11/11 MP: 3/3
   251 | D:1      | Reached XP level 2. HP: 15/17 MP: 0/5
   710 | D:2      | Reached XP level 3. HP: 21/21 MP: 3/6
  1069 | D:2      | Noticed Jessica
  1078 | D:2      | Killed Jessica
  1078 | D:2      | Reached skill level 4 in Fire Magic
  1078 | D:2      | Reached XP level 4. HP: 19/27 MP: 4/7
  1216 | D:2      | Noticed Crazy Yiuf
  1222 | D:2      | Slain by Crazy Yiuf

Action                   |  1- 3 |  4- 6 || total
-------------------------+-------+-------++-------
Melee: Unarmed           |     4 |       ||     4
       Dagger            |     4 |       ||     4
 Cast: Flame Tongue      |    38 |     4 ||    42
 Stab: Sleeping          |     3 |       ||     3
  Eat: Chunk             |     1 |       ||     1
